 Dungeon Crawl Stone Soup version 0.31-a0-217-g58bb5d79cf (webtiles) character file.

Game seed: 11653736091171586397

1908 qw the Cleaver (level 9, -3/55 HPs)
             Began as a Gargoyle Fighter on July 2, 2023.
             Slain by a two-headed ogre
             ... wielding a +0 giant club
              (14 damage)
             ... on level 7 of the Dungeon.
             The game lasted 00:03:00 (5446 turns).

qw the Cleaver (Gargoyle Fighter)                   Turns: 5446, Time: 00:03:00

Health: -3/55      AC: 20    Str: 25    XL:     9   Next: 16%
Magic:  9/9        EV:  6    Int:  8    God:
Gold:   388        SH: 17    Dex:  9    Spells: 8/8 levels left

rFire   + . .        Y - +1 broad axe
rCold   . . .        q - +0 tower shield
rNeg    + . .        o - +2 chain mail {Will+}
rPois   inf          (no helmet)
rElec   +            a - +0 cloak
rCorr   .            (no gloves)
SInv    .            s - +0 pair of boots
Will    +....        g - amulet of reflection Stlth
                     b - ring of protection from fire
HPRegen 0.29/turn    (no ring)
MPRegen 0.11/turn

%: reflection
@: about to teleport, hasted, very quick
A: sickness immunity, AC +6, negative energy resistance 1, electricity
resistance, torment resistance 1, petrification resistance
a: no special abilities


You were on level 7 of the Dungeon.
You visited 1 branch of the dungeon, and saw 7 of its levels.

You collected 406 gold pieces.
You spent 18 gold pieces at shops.


Innate Abilities, Weirdness & Mutations

You are immune to sickness and miasma.
Your stone body is resilient. (AC +6)
You are immune to poison.
You resist negative energy. (rN+)
You are resistant to electric shocks. (rElec)
You are resistant to unholy torment.
You are immune to petrification.


   Skills:
 - Level 6.0 Fighting
 - Level 9.2 Axes
 - Level 4.0 Armour
 - Level 1.3 Dodging
 + Level 4.6 Shields


You had 8 spell levels left.
You didn't know any spells.
Your spell library was empty.

Inventory:

Hand Weapons
 p - a +0 flail
 Y - a +1 broad axe (weapon)
Armour
 a - a +0 cloak (worn)
 n - a +2 scale mail of fire resistance
 o - a +2 chain mail of willpower (worn)
 q - a +0 tower shield (worn)
 s - a +0 pair of boots (worn)
Jewellery
 b - a ring of protection from fire (left hand)
 g - an amulet of reflection (around neck)
Scrolls
 m - a scroll of identify
Potions
 d - 3 potions of might
 e - a potion of lignification
 f - 2 potions of curing
 i - a potion of haste
 j - a potion of berserk rage {unknown}
 l - a potion of cancellation
 r - a potion of resistance

Dungeon Overview and Level Annotations

Branches:
Dungeon (7/15)
 Temple: D:4-7

Altars:
Cheibriados
Fedhas
Uskayaw
Yredelemnul

Shops:
D:1 *


Message History

You drop a potion of invisibility.
Done exploring.
(D) Dungeon
Where to? (* - list waypoints, Enter - D:6, ? - help)
What level of the Dungeon? (default 1, ? - help)
There is a stone staircase leading down here.
You climb downwards.
Found a lumpy sapphire potion and 12 gold pieces.
There is a stone staircase leading up here.
Waypoint 6 assigned to D:7.
A bullfrog comes into view.
The bullfrog gives a loud, deep croak!
You hear two shouts!
A two-headed ogre comes into view. It is wielding two +0 giant clubs.
You slash the bullfrog!
The bullfrog is moderately wounded.
The bullfrog hits you.
You barely miss the bullfrog.
The bullfrog is moderately wounded.
You block the bullfrog's attack.
You barely miss the bullfrog.
The bullfrog is moderately wounded.
You block the bullfrog's attack. The bullfrog barely misses you.
You closely miss the bullfrog.
The bullfrog is moderately wounded.
The bullfrog barely misses you.
You slash the bullfrog!
The bullfrog is almost dead.
You block the bullfrog's attack.
You slash the bullfrog!
You kill the bullfrog!
You completely miss the two-headed ogre.
The two-headed ogre hits you with a +0 giant club!! x2
5445 ||| READING scroll of teleportation.
As you read the scroll of teleportation, it crumbles to dust.
You feel strangely unstable.
You hit the two-headed ogre.
The two-headed ogre is lightly wounded.
You block the two-headed ogre's attack.
The two-headed ogre hits you with a +0 giant club!
You die...

. ####. #
#...... $.
#.#.#.#
#.#......
...#.#.### #.#
.......#
.....#.#.#.##...
#.....<@.!.....
....##.#O#......
# #.....###...
##.#.## . .....
##.#.# .....
#.#.#


You could see a two-headed ogre.

Vanquished Creatures
  Sigmund (D:2)
  A water moccasin (D:6)
  A black bear (D:6)
  2 ogres
  2 centaurs (D:6)
  2 phantoms (D:6)
  A bullfrog (D:7)
  2 scorpions
  A water moccasin zombie (D:5)
  3 bullfrog zombies (D:5)
  4 jellies
  3 hounds
  An orc priest (D:5)
  3 sleepcaps
  Terence (D:2)
  7 iguanas
  A howler monkey zombie (D:5)
  10 adders
  A white imp (D:6)
  2 ufetubi (D:5)
  2 worms
  14 orcs
  3 ball pythons
  10 endoplasms
  5 giant cockroaches
  4 goblins
  7 hobgoblins
  2 jackals (D:2)
  3 quokkas
  9 bats
  8 frilled lizards
  6 kobolds
  7 rats
129 creatures vanquished.

Notes
Turn   | Place    | Note
-------+----------+-------------------------------------------
     0 | D:1      | qw the Gargoyle Fighter began the quest for the Orb.
     0 | D:1      | Reached XP level 1. HP: 14/14 MP: 1/1
     0 | D:1      | 0 ||| qw: Version: 0.3-a-40-ge99b1a8
     0 | D:1      | 0 ||| qw: Game counter: 172
     0 | D:1      | 0 ||| qw: Melee chars always use a shield: true
     0 | D:1      | 0 ||| qw: God list: Okawaru
     0 | D:1      | 0 ||| qw: Allow faded altars: false
     0 | D:1      | 0 ||| qw: Do Orc after clearing Dungeon:15 true
     0 | D:1      | 0 ||| qw: Do second Lair branch before Depths: true
     0 | D:1      | 0 ||| qw: Lair rune preference: random
     0 | D:1      | 0 ||| qw: Goals: Normal, Zot:1-4, Slime:5, God:TSO, Crypt,
                  | Tomb, Abyss, Pan, Hells, Win
     0 | D:1      | 0 ||| PLANNING D:1-11
    77 | D:1      | Reached skill level 2 in Axes
   118 | D:1      | 118 ||| Stepping ~*~*~tactically~*~*~ (stealth).
   121 | D:1      | 121 ||| Stepping ~*~*~tactically~*~*~ (stealth).
   137 | D:1      | Reached XP level 2. HP: 17/19 MP: 2/2
   140 | D:1      | 140 ||| Stepping ~*~*~tactically~*~*~ (stealth).
   157 | D:1      | 157 ||| Stepping ~*~*~tactically~*~*~ (stealth).
   357 | D:1      | 357 ||| Stepping ~*~*~tactically~*~*~ (stealth).
   437 | D:1      | Reached skill level 3 in Axes
   453 | D:1      | Reached XP level 3. HP: 23/23 MP: 3/3
   544 | D:1      | Found Biseubia's Assorted Antiques.
   563 | D:1      | 563 ||| SHOPLISTING crooked copper wand (80 gold, have 24).
   563 | D:1      | 563 ||| SHOPLISTING emerald ring (100 gold, have 24).
   563 | D:1      | 563 ||| SHOPLISTING fluorescent wand (80 gold, have 24).
   563 | D:1      | 563 ||| BUYING inky potion (18 gold).
   563 | D:1      | Bought an inky potion for 18 gold pieces
   563 | D:1      | 563 ||| SHOPLISTING murky pink potion (18 gold, have 6).
   563 | D:1      | 563 ||| SHOPLISTING scroll labelled YMUGIG GOMIS (20 gold,
                  | have 6).
   780 | D:1      | 780 ||| READING scroll labelled IQOPUGH NAIMM.
   781 | D:1      | 781 ||| READING scroll labelled WAYH YPTAUROU.
   782 | D:1      | 782 ||| DRINKING 2 murky sapphire potions.
   783 | D:1      | 783 ||| DRINKING 2 inky potions.
   869 | D:2      | Noticed Sigmund
   870 | D:2      | 870 ||| READING scroll labelled GEOSEINKYM.
   884 | D:2      | Killed Sigmund
   885 | D:2      | Reached skill level 5 in Axes
   885 | D:2      | Reached XP level 4. HP: 12/28 MP: 4/4
   885 | D:2      | Reached XP level 5. HP: 14/32 MP: 5/5
  1434 | D:2      | 1434 ||| SWAPPING to +0 broad axe.
  1435 | D:2      | 1435 ||| DROPPING +0 war axe.
  1595 | D:2      | Reached XP level 6. HP: 38/38 MP: 6/6
  1698 | D:2      | Noticed Terence
  1710 | D:2      | Killed Terence
  1991 | D:2      | 1991 ||| UPGRADING to +0 cloak.
  1996 | D:2      | 1996 ||| UPGRADING to +2 scale mail of fire resistance.
  2006 | D:2      | 2006 ||| DROPPING +0 scale mail.
  2007 | D:2      | 2007 ||| READING scroll labelled YMUGIG GOMIS.
  2012 | D:2      | 2012 ||| READING scroll labelled JASAGHA QOCUH.
  2109 | D:3      | Reached skill level 1 in Dodging
  2308 | D:3      | 2308 ||| DROPPING +0 club.
  2561 | D:3      | 2561 ||| UPGRADING to amulet of reflection.
  2566 | D:3      | 2566 ||| UPGRADING to ring of protection from fire.
  2567 | D:3      | 2567 ||| READING scroll labelled MEENUE VUTWORROFF.
  2568 | D:3      | 2568 ||| READING scroll labelled QISMEKKOUCS.
  2569 | D:3      | 2569 ||| DRINKING 2 viscous white potions.
  2570 | D:3      | 2570 ||| DROPPING potion of degeneration.
  2591 | D:4      | 2591 ||| STAIRDANCE
  2665 | D:4      | 2665 ||| STAIRDANCE
  2674 | D:3      | HP: 5/38 [ogre/+0 giant club (19)]
  2676 | D:3      | Reached skill level 6 in Axes
  2676 | D:3      | Reached XP level 7. HP: 6/43 MP: 7/7
  3188 | D:4      | 3188 ||| Stepping ~*~*~tactically~*~*~ (hiding).
  3190 | D:4      | 3190 ||| Stepping ~*~*~tactically~*~*~ (hiding).
  3211 | D:4      | 3211 ||| DROPPING +0 whip.
  3346 | D:4      | Reached skill level 7 in Axes
  3417 | D:4      | 3417 ||| UPGRADING to +0 chain mail.
  3427 | D:4      | 3427 ||| READING 2 scrolls of identify.
  3427 | D:4      | 3427 ||| IDENTIFYING coppery potion
  3444 | D:5      | Entered Level 5 of the Dungeon
  3531 | D:5      | 3531 ||| Stepping ~*~*~tactically~*~*~ (stealth).
  3572 | D:5      | Found a snail-covered altar of Cheibriados.
  3624 | D:5      | Found a blossoming altar of Fedhas.
  3787 | D:5      | 3787 ||| Stepping ~*~*~tactically~*~*~ (stealth).
  3811 | D:5      | Reached XP level 8. HP: 36/49 MP: 8/8
  3878 | D:5      | Found a basalt altar of Yredelemnul.
  3981 | D:5      | 3981 ||| Stepping ~*~*~tactically~*~*~ (hiding).
  4191 | D:5      | Reached skill level 8 in Axes
  4405 | D:5      | 4405 ||| UPGRADING to +2 chain mail of willpower.
  4415 | D:5      | 4415 ||| DROPPING +0 chain mail.
  4416 | D:5      | 4416 ||| DROPPING +6 ring of intelligence.
  4417 | D:5      | 4417 ||| READING scroll labelled UBRAHOQIECSEOBU.
  4418 | D:5      | 4418 ||| DRINKING 2 fuming white potions.
  4535 | D:6      | Reached skill level 6 in Fighting
  4774 | D:6      | 4774 ||| Stepping ~*~*~tactically~*~*~ (hiding).
  4901 | D:6      | Found a hide-covered altar of Uskayaw.
  4931 | D:6      | Reached skill level 9 in Axes
  4938 | D:6      | Reached XP level 9. HP: 45/55 MP: 9/9
  5394 | D:6      | 5394 ||| UPGRADING to +0 tower shield.
  5404 | D:6      | 5404 ||| DROPPING +0 buckler.
  5405 | D:6      | 5405 ||| UPGRADING to +0 pair of boots.
  5410 | D:6      | 5410 ||| DRINKING 2 black potions.
  5411 | D:6      | 5411 ||| READING 2 scrolls of identify.
  5411 | D:6      | 5411 ||| IDENTIFYING bubbling white potion
  5412 | D:6      | 5412 ||| DROPPING potion of invisibility.
  5436 | D:7      | Noticed a two-headed ogre
  5444 | D:7      | HP: 10/55 [two-headed ogre/+0 giant club (22)]
  5445 | D:7      | 5445 ||| READING scroll of teleportation.
  5446 | D:7      | Slain by a two-headed ogre

Levels and vault maps discovered:
D:1:      sevenhm_arrival_forest_fort_large_2, layout_rooms, serial_shops,
          nicolae_square_shop, minmay_heptomino_d4
D:2:      layout_loops_ring, serial_co_window_serial, co_window_paths_a,
          co_window_paths_a, co_window_paths_b, co_window_paths_b,
          co_window_corner_a, co_window_broadway_a, co_window_unsneaky_path_d,
          co_window_of_opportunity_b, co_window_2corner, co_window_sun,
          glass_columns_b, glass_columns_b, glass_columns_b, glass_columns_a,
          glass_columns_b, uniq_terence, uniq_sigmund
D:3:      layout_basic
D:4:      layout_basic
D:5:      layout_cave_pods, nicolae_overflow_crystal_walls,
          nicolae_yredelemnul_corpse_copse, old_standard_altar
D:6:      layout_loops_ring, general_overflow_altar
D:7:      layout_layer_cave, grunt_gozag_statues, minmay_temple_entry_wispy,
          nicolae_wooded_promenade, st_stairs_13, hex_large,
          nrook_loot_triangle, uniq_prince_ribbit1

Skill      XL: |  1  2  3  4  5  6  7  8  9 |
---------------+----------------------------+-----
Axes           | 2 3 5 6 7 9 |  9.2
Fighting       | 4 5 6 |  6.0
Dodging        | 1 |  1.3
Armour         | 4 |  4.0
Shields        | 4 |  4.6

Action                     |  1- 3 |  4- 6 |  7- 9 || total
---------------------------+-------+-------+-------++-------
  Melee: War axe           |   133 |    39 |       ||   172
         Broad axe         |       |   117 |   251 ||   368
    Use: Scroll            |     3 |     4 |     4 ||    11
         Potion            |     2 |     1 |     2 ||     5
 Armour: Scale mail        |    63 |    95 |    19 ||   177
         Chain mail        |       |       |   110 ||   110
  Dodge: Dodged            |    59 |    76 |    76 ||   211
  Block: Buckler           |    26 |    30 |   106 ||   162
         Tower shield      |       |       |     4 ||     4

Table legend:
 A = Non-vault XP
 B = Vault XP
 C = Vault XP percentage of total XP
 D = Non-vault monster count
 E = Vault monster count
 F = Vault count percentage of total count
                 A         B        C        D         E       F
            +---------+---------+-------+---------+---------+-------
      Total |    2147 |     579 |  21.2 |     119 |      10 |   7.8
            +---------+---------+-------+---------+---------+-------
        D:1 |      47 |       3 |   6.0 |      28 |       2 |   6.7
        D:2 |      64 |     250 |  79.6 |      24 |       2 |   7.7
        D:3 |     308 |       0 |   0.0 |      20 |       0 |   0.0
        D:4 |     369 |       0 |   0.0 |      17 |       0 |   0.0
        D:5 |     218 |     236 |  52.0 |      12 |       5 |  29.4
        D:6 |    1141 |       0 |   0.0 |      18 |       0 |   0.0
        D:7 |       0 |      90 | 100.0 |       0 |       1 | 100.0
            +---------+---------+-------+---------+---------+-------
